 Dungeon Crawl Stone Soup version 0.28.0-53-g5a82cb258f (webtiles) character file.

Game seed: 2762218170791279224

83 Peloso the Skirmisher (level 4, -1/41 HPs)
             Began as a Minotaur Fighter on July 12, 2022.
             Slain by an orc warrior
             ... wielding a +0 flail
              (13 damage)
             ... on level 4 of the Dungeon.
             The game lasted 00:03:44 (2364 turns).

Peloso the Skirmisher (Minotaur Fighter)            Turns: 2364, Time: 00:03:44

Health: -1/41      AC: 11    Str: 20    XL:     4   Next: 22%
Magic:  3/3        EV:  9    Int:  5    God:
Gold:   130        SH:  5    Dex: 12    Spells: 3/3 levels left

rFire   . . .      SeeInvis .   a - +0 long sword
rCold   . . .      Faith    .   c - +0 buckler
rNeg    . . .      Spirit   .   b - +0 scale mail
rPois   .          Reflect  .   (helmet restricted)
rElec   .          Harm     .   (no cloak)
rCorr   .          Rampage  .   (no gloves)
Will    .....                   (no boots)
Stlth   ..........              (no amulet)
HPRegen 0.13/turn               h - +4 ring of protection
MPRegen 0.08/turn               (no ring)

@: mighty
A: horns 2, retaliatory headbutt
a: no special abilities


You were on level 4 of the Dungeon.
You visited 1 branch of the dungeon, and saw 4 of its levels.

You collected 218 gold pieces.
You spent 88 gold pieces at shops.

Inventory:

Hand Weapons
 a - a +0 long sword (weapon)
Armour
 b - a +0 scale mail (worn)
 c - a +0 buckler (worn)
Jewellery
 h - a +4 ring of protection (left hand)
Scrolls
 e - a scroll of identify {unknown}
 f - a scroll of enchant armour {unknown}
 g - 3 scrolls of teleportation
 j - a scroll of fear {unknown}
 k - a scroll of amnesia {unknown}
 n - a scroll of enchant weapon {unknown}
Potions
 i - a potion of heal wounds {unknown}
 l - a potion of mutation
 m - a potion of curing {unknown}


   Skills:
 + Level 4.4 Fighting
 + Level 3.5 Long Blades
 + Level 4.2 Armour
 + Level 0.8 Dodging
 + Level 4.1 Shields


You had 3 spell levels left.
You didn't know any spells.
Your spell library was empty.

Dungeon Overview and Level Annotations

Branches:
Dungeon (4/15)
 Temple: D:4-7

Altars:

Shops:
D:1 ![:


Innate Abilities, Weirdness & Mutations

You have a pair of horns on your head.
You reflexively headbutt those who attack you in melee.


Message History

You now have 123 gold pieces (gained 4).
m - a fizzy white potion
n - a scroll labelled ISCHOLAOMOA You now have 130 gold pieces (gained 7).
There is a stone staircase leading down here.
You climb downwards.
There is a stone staircase leading up here.
There is a stone staircase leading up here.
An orc warrior and an orc come into view.
The orc warrior shouts!
The orc shouts!
There are monsters nearby!
There is a stone staircase leading up here.
You hit the orc. You headbutt the orc.
You kill the orc!
You closely miss the orc warrior. You headbutt the orc warrior.
The orc warrior is lightly wounded.
The orc warrior hits you with a +0 flail!
You completely miss the orc warrior.
The orc warrior is lightly wounded.
The orc warrior hits you with a +0 flail.
An orc comes into view. It is wielding a +0 war axe.
The orc shouts!
You hit the orc warrior but do no damage.
The orc warrior is lightly wounded.
You hear a shout!
The orc warrior hits you with a +0 flail!
The orc warrior hits you with a +0 flail.
* * * LOW HITPOINT WARNING * * *
You hear a shout!
You feel very mighty all of a sudden.
The orc warrior hits you but does no damage.
You hit the orc warrior but do no damage.
The orc warrior is lightly wounded.
The orc warrior barely misses you. You furiously retaliate!
You headbutt the orc warrior! You slash the orc warrior!
The orc warrior is severely wounded.
An orc comes into view. It is wielding a +1 dagger of venom.
The orc warrior hits you with a +0 flail!
You die...

... ..#. #.#
### ..#. #.#
#.. o.. #.#
#.# ..# #.#
#.# o.#
#.###.# ..#
#.##.o##o.#
#.##<@o...#
#.....###...#
#.....# .$..#
##....# .###
##...# ..
##..# ##
##..# +...#
...#


You could see an orc warrior and 2 orcs.

Vanquished Creatures
  Robin (D:2)
  2 adders (D:2)
  A dart slug (D:1)
  An orc (D:4)
  3 bats
  5 endoplasms
  A giant cockroach (D:3)
  9 goblins
  8 hobgoblins
  4 quokkas
  A ball python (D:2)
  A frilled lizard (D:1)
  7 kobolds
  2 rats (D:1)
46 creatures vanquished.

Vanquished Creatures (others)
  2 fungi (D:2)
  5 toadstools (D:2)
7 creatures vanquished.

Grand Total: 53 creatures vanquished

Notes
Turn   | Place    | Note
-------+----------+-------------------------------------------
     0 | D:1      | Peloso the Minotaur Fighter began the quest for the Orb.
     0 | D:1      | Reached XP level 1. HP: 19/19 MP: 0/0
    29 | D:1      | You fall into a shaft and drop 1 floor!
   115 | D:2      | Reached XP level 2. HP: 12/27 MP: 1/1
   570 | D:1      | Found Xumer's Antique Armour Shoppe.
   587 | D:1      | Found Dugeseh's Distillery.
   601 | D:1      | Found Miowk's Book Emporium.
   608 | D:1      | Reached XP level 3. HP: 28/33 MP: 2/2
   872 | D:1      | Found a faded altar of an unknown god.
  1391 | D:2      | Noticed Robin
  1410 | D:2      | Killed Robin
  1411 | D:2      | Reached XP level 4. HP: 18/41 MP: 3/3
  2076 | D:1      | Bought a potion of mutation for 88 gold pieces
  2175 | D:3      | Noticed an ice beast
  2352 | D:4      | Noticed an orc warrior
  2364 | D:4      | Slain by an orc warrior

Illustrated notes

Levels and vault maps discovered:
D:1:      psy_arrival_dodecagon, layout_basic,
          shapermc_ecumenical_altar_mp_vishouse, serial_shops,
          nicolae_shop_trees, nicolae_shop_statue_plus, nicolae_shop_crystal
D:2:      layout_basic, chequers_serial_rivers_micro_d,
          minmay_gold_behind_fungi, hangedman_decor_riveting, uniq_robin
D:3:      layout_loops_cross
D:4:      layout_rooms, minmay_overflow_temple_star_hex,
          minmay_temple_entry_statues, uniq_grinder, uniq_ijyb

Skill      XL: |  1  2  3 |
---------------+----------+-----
Fighting       | 4 |  4.4
Shields        | 4 |  4.1
Armour         | 4 |  4.2
Long Blades    | 3 |  3.5
Dodging        | |  0.8

Action                   |  1- 3 |  4- 6 || total
-------------------------+-------+-------++-------
Melee: Long sword        |    96 |    16 ||   112
       Headbutt          |    10 |     4 ||    14
  Use: Scroll            |       |     1 ||     1
       Potion            |       |     1 ||     1
Armor: Scale mail        |    77 |     2 ||    79
Dodge: Dodged            |    55 |     6 ||    61
Block: Buckler           |    17 |     1 ||    18
